 Dungeon Crawl Stone Soup version 0.30-a0-6-g7c9e10e132 (webtiles) character file.

Game seed: 17229976461643050555

104482 Newt the Cleaver (level 15, -29/121 HPs)
             Began as a Demonspawn Gladiator on Aug 22, 2022.
             Was the Champion of Okawaru.
             Killed from afar by a deep elf knight (38 damage)
             ... with a lance of force
             ... on level 1 of the Elven Halls.
             The game lasted 00:54:56 (23832 turns).

Newt the Cleaver (Demonspawn Gladiator)            Turns: 23832, Time: 00:54:56

Health: -29/121    AC: 25    Str: 25    XL:     15   Next: 92%
Magic:  21/21      EV: 14    Int: 11    God:    Okawaru [******]
Gold:   1372       SH: 13    Dex: 14    Spells: 12/14 levels left

rFire   + . .      SeeInvis .    f - +10 broad axe of Xeijyl {elec, Will+}
rCold   . . .      Faith    .    N - +3 buckler "Vamaz" {-Cast rN+ Regen+}
rNeg    + . .      Spirit   .    y - +8 chain mail of Eqail {-Tele rElec Str+4 Slay+2}
rPois   .          Reflect  +    (helmet unavailable)
rElec   +          Harm     .    (no cloak)
rCorr   .          Rampage  .    s - +2 pair of gloves
Will    +++..      NoTele   +    O - +1 pair of boots of Sialopn {+Blink}
Stlth   +......... NoCast   +    U - amulet of reflection
HPRegen 1.10/turn                o - ring of protection from fire
MPRegen 0.17/turn                Z - ring of willpower

@: no status effects
A: horns 3, foul stench 1, powered by pain 1, sturdy frame 2, corrupting
presence 1, mutation resistance 1, robust 1
a: Renounce Religion, Evoke Blink, Heroism, Finesse, Duel


You were on level 1 of the Elven Halls.
You worshipped Okawaru.
Okawaru was exalted by your worship.
You visited 4 branches of the dungeon, and saw 23 of its levels.
You visited 1 bazaar.

You collected 2811 gold pieces.
You spent 1439 gold pieces at shops.

Inventory:

Hand Weapons
 f - the +10 broad axe of Xeijyl (weapon) {elec, Will+}
   (You acquired it on level 9 of the Dungeon)

   It occasionally discharges a powerful burst of electricity upon striking a
   foe.
   Will:      It increases your willpower.
Missiles
 k - 5 curare-tipped darts
 t - 6 atropa-tipped darts
 u - 11 silver javelins
 x - 21 javelins
 C - 8 boomerangs (quivered)
 E - 6 silver boomerangs
 K - 31 poisoned darts
 P - 3 boomerangs of dispersal
Armour
 d - a +2 kite shield
 e - a +2 ring mail of willpower
 m - a +4 ring mail of poison resistance
 s - a +2 pair of gloves (worn)
 y - the +8 chain mail of Eqail (worn) {-Tele rElec Str+4 Slay+2}
   (Okawaru gifted it to you on level 13 of the Dungeon)

   Str:       It affects your strength (+4).
   Slay:      It affects your accuracy & damage with ranged weapons and melee
   (+2).
   rElec:     It insulates you from electricity.
   -Tele:     It prevents most forms of teleportation.
 N - the +3 buckler "Vamaz" (worn) {-Cast rN+ Regen+}
   (You found it on level 5 of the Lair of Beasts)

   rN:        It protects you from negative energy.
   -Cast:     It prevents spellcasting.
   Regen:     It increases your rate of health regeneration.
 O - the +1 pair of boots of Sialopn (worn) {+Blink}
   (Okawaru gifted it to you on level 15 of the Dungeon)

   +Blink:    It lets you blink.
Jewellery
 i - an amulet of regeneration
 o - a ring of protection from fire (left hand)
 w - a ring of see invisible
 Q - a ring of flight
 U - an amulet of reflection (around neck)
 Z - a ring of willpower (right hand)
Wands
 a - a wand of digging (7)
 j - a wand of flame (35)
 z - a wand of acid (20)
 A - a wand of iceblast (31)
 I - a wand of mindburst (14)
 R - a wand of polymorph (18)
Scrolls
 b - 5 scrolls of identify
 p - 5 scrolls of teleportation
 r - a scroll of amnesia
 B - 2 scrolls of fear
 J - 4 scrolls of enchant weapon
 S - 3 scrolls of magic mapping
 X - 2 scrolls of blinking
Potions
 c - 2 potions of might
 g - 3 potions of lignification
 h - a potion of cancellation
 n - 3 potions of berserk rage
 q - 3 potions of magic
 D - 5 potions of flight
 F - a potion of heal wounds
 T - 7 potions of curing
 V - 2 potions of resistance
Miscellaneous
 l - a condenser vane
 H - a tin of tremorstones (2/2)
 W - a phial of floods


   Skills:
 + Level 7.6 Fighting
 - Level 5.1(5.9) Short Blades
 - Level 4.2(5.4) Long Blades
 - Level 14.0 Axes
 - Level 10.0 Throwing
 - Level 10.0 Armour
 - Level 10.0 Dodging
 - Level 4.0 Stealth
 - Level 4.9 Shields
 - Level 5.0 Transmutations
 - Level 8.0 Invocations
 - Level 10.0 Evocations


You had 12 spell levels left.
You knew the following spells:

 Your Spells              Type           Power      Damage    Failure   Level
a - Wereblood             Tmut           11%        N/A       22%         2

Your spell library contained the following spells:

 Spells                   Type           Power      Damage    Failure   Level
 Beastly Appendage        Tmut           22%        N/A       14%         1
 Sting                    Tmut/Pois      20%        1d4       36%         1
 Passwall                 Tmut/Erth      4%         N/A       52%         2
 Apportation              Tloc           0%         N/A       73%         1
 Magic Dart               Conj           0%         1d3       73%         1
 Sandblast                Erth           0%         2d4       73%         1
 Slow                     Hex            0%         N/A       73%         1
 Spider Form              Tmut/Pois      5%         N/A       75%         3
 Searing Ray              Conj           0%         2d4       86%         2
 Sublimation of Blood     Necr           0%         N/A       86%         2
 Confusing Touch          Hex            0%         N/A       97%         3
 Dazzling Flash           Conj/Hex       0%         N/A       97%         3
 Gell's Gravitas          Tloc           0%         N/A       97%         3
 Lesser Beckoning         Tloc           0%         N/A       97%         3
 Teleport Other           Tloc           0%         N/A       97%         3
 Vampiric Draining        Necr           0%         2d6       97%         3
 Petrify                  Tmut/Erth      5%         N/A       98%         4
 Fulminant Prism          Conj/Hex       0%         3d6       100%        4
 Hailstorm                Conj/Ice       0%         3d3       100%        4
 Iskenderun's Mystic Bla  Conj/Tloc      0%         2d3       100%        4
 Alistair's Intoxication  Tmut/Pois      3%         N/A       100%        5
 Borgnjor's Vile Clutch   Necr/Erth      0%         N/A       100%        5
 Metabolic Englaciation   Hex/Ice        0%         N/A       100%        5
 Eringya's Noxious Bog    Tmut/Pois      2%         N/A       100%        6
 Starburst                Conj/Fire      0%         6d3       100%        6
 Statue Form              Tmut/Erth      3%         N/A       100%        6
 Ozocubu's Refrigeration  Ice            0%         4d7       100%        7
 Storm Form               Tmut/Air       2%         N/A       100%        7
 Maxwell's Capacitive Co  Air            0%         ∞         100%        8
 Summon Small Mammal      Summ           Unusable   N/A       N/A         1
 Call Canine Familiar     Summ           Unusable   N/A       N/A         3
 Summon Guardian Golem    Hex/Summ       Unusable   N/A       N/A         3
 Animate Armour           Summ/Erth      Unusable   N/A       N/A         4
 Animate Dead             Necr           Unusable   N/A       N/A         4
 Summon Lightning Spire   Summ/Air       Unusable   N/A       N/A         4
 Death Channel            Necr           Unusable   N/A       N/A         6
 Simulacrum               Ice/Necr       Unusable   N/A       N/A         6
 Summon Hydra             Summ           Unusable   N/A       N/A         7

Dungeon Overview and Level Annotations

Branches:
Dungeon (15/15)            Temple (0/1) D:6            Lair (5/5) D:9
  Swamp (0/4) Lair:3        Snake (0/4) Lair:3        Slime (0/5) Lair:4
    Orc (2/2) D:12            Elf (1/3) Orc:2        Vaults (0/5) D:14
 Depths (0/4) D:15

Altars:
Ashenzari
Dithmenos
Fedhas
Hepliaklqana
Makhleb
Okawaru
Qazlal
Trog
Wu Jian

Shops:
D:12 ([   D:15 (   Orc:2 *:(*   Elf:1 *

Portals:
Abyss: D:7

Annotations:
D:7 2 transporters, siradein's ghost, novice MiBe
Elf:1 1 runed translucent door, Ekkez's ghost, adept HOMo


Innate Abilities, Weirdness & Mutations

You have a pair of large horns on your head.
You may rarely emit foul miasma when damaged in melee.
You sometimes gain a little power by taking damage.
Your movements are less encumbered by armour. (ER -4)
Your presence sometimes corrodes those you injure.
You are somewhat resistant to further mutation.
You are robust. (+10% HP)


Message History

Press: ? - help, Shift-Dir - straight line, f/p - deep elf zephyrmancer
Aim: a deep elf zephyrmancer, wielding a +0 short sword (almost dead, 61% to hit)
You throw a silver javelin.
The silver javelin pierces through the deep elf zephyrmancer.
You kill the deep elf zephyrmancer!
Okawaru accepts your kill.
The silver javelin pierces through the deep elf high priest.
The deep elf high priest is almost dead.
The silver javelin pierces through the orc priest!!
You kill the orc priest!
Okawaru accepts your kill. Something barely misses you.
Throw: 12 javelins (silver)
Press: ? - help, Shift-Dir - straight line, f - deep elf high priest
Aim: a deep elf high priest, wielding a +0 long sword (almost dead, covered in acid, 61% to hit)
You throw a silver javelin.
The silver javelin barely misses the deep elf high priest.
You feel a little less mighty now.
You hear some strange, mumbled words.
A shard of ice appears from out of thin air!
The shard of ice reflects off an invisible shield around you!
The shard of ice hits the deep elf high priest!!!
You kill the deep elf high priest!
Okawaru accepts your kill.
Your condenser vane has recharged.
You slice something!! Your headbutt misses something.
You hear some strange, mumbled words.
You slash something! You headbutt something. You block something's attack.
Something hits you but does no damage.
You hit something.
You hear some strange, mumbled words.
A shard of ice appears from out of thin air!
The shard of ice hits you!!!
* * * LOW HITPOINT WARNING * * *
Unknown command.
You hit something. Your headbutt misses something.
You hear some strange, mumbled words.
A lance of force appears from out of thin air!
The lance of force hits you!!!
You die...

#...e##)# ###(....#
#.....# #)#####
##.....## #)#
#.......# #)#
##.......## #)#
###.........# #)#
#..........# #{#
...........# #@#
####......'#####)#
...#......#'...).#
.>.#)##'####.....##
...#.##.###.......#
.∩.#)##.# #.......#
...#)##.# #.......#
####.##.# ##.....##
....###'###'.....#


There were no monsters in sight!

Vanquished Creatures
  Rupert (D:13)
  Kirke (D:15)
  Roxanne (D:15)
  2 very ugly things (D:15)
  Azrael (D:15)
  A dire elephant (Lair:5)
  2 deep elf high priests (Elf:1)
  Erolcha (Orc:1)
  4 vault guards (D:14)
  4 boulder beetles
  4 hydras
  2 catoblepae
  4 centaur warriors
  7 two-headed ogres
  4 dancing weapons (Elf:1)
  A deep troll shaman (Lair:5)
  An ogre mage (D:15)
  The ghost of mathmaestro the Black Sun, a novice DsNe of Kikubaaqudgha (D:9)
  A death yak (shapeshifter) (D:15)
  18 death yaks
  A tengu warrior (D:14)
  2 orc high priests
  Sonja (Lair:1)
  4 deep elf knights (Elf:1)
  Amaemon (Lair:1)
  Lodul (D:10)
  A glowing orange brain (D:15)
  A deep elf archer (Elf:1)
  A harpy (shapeshifter) (D:13)
  5 deep elf zephyrmancers (Elf:1)
  4 orc knights
  5 orc sorcerers (Orc:2)
  6 cyclopes
  4 manticores
  6 deep elf pyromancers
  An oklob plant (Lair:5)
  4 ugly things
  6 black mambas
  14 elephants
  Joseph (D:7)
  9 cane toads
  3 kobold demonologists
  4 gargoyles
  An orange demon (Lair:1)
  An unseen horror (D:9)
  A rime drake (Lair:2)
  Maggie (D:6)
  8 komodo dragons
  An efreet (D:14)
  3 tengu conjurers
  4 trolls
  3 polar bears
  Prince Ribbit (D:6)
  4 blink frogs (Lair:3)
  8 dream sheep (Lair:3)
  6 slime creatures (D:15)
  2 air elementals (Elf:1)
  2 wraiths
  A water elemental (Orc:2)
  2 vampires
  5 wyverns
  3 basilisks
  2 hogs (D:15)
  A steam dragon (D:7)
  59 yaks
  A hog (shapeshifter) (D:14)
  4 humans
  5 fire elementals
  2 wargs
  An acid dragon (D:10)
  3 nagas (Lair:3)
  A hell hound (D:15)
  10 water moccasins
  18 orc warriors
  2 ice beasts (D:6)
  6 black bears
  A sky beast (D:6)
  12 ogres
  19 centaurs
  10 wolves
  9 kobold brigands
  10 bullfrogs
  3 gnoll sergeants
  2 scorpions
  13 wights
  12 killer bees
  6 howler monkeys
  5 electric eels (Lair:3)
  A crimson imp (D:6)
  3 hounds
  21 orc priests
  4 jellies
  Jessica (D:3)
  An iguana (D:4)
  25 orc wizards
  9 adders
  15 gnolls
  A shadow imp (D:7)
  2 white imps
  2 dart slugs
  40 orcs
  3 endoplasms
  3 giant cockroaches
  11 goblins
  6 hobgoblins
  4 jackals (D:3)
  8 kobolds
  3 quokkas
  8 ball pythons
  5 bats
  5 frilled lizards
  3 rats
604 creatures vanquished.

Vanquished Creatures (others)
  Asterion (Elf:1)
  3 deep elf knights (Elf:1)
  A wizard (D:3)
  2 orcs (Elf:1)
  A bush (Lair:5)
  19 fungi
  25 plants
52 creatures vanquished.

Grand Total: 656 creatures vanquished

Notes
Turn   | Place    | Note
-------+----------+-------------------------------------------
     0 | D:1      | Newt the Demonspawn Gladiator began the quest for the Orb.
     0 | D:1      | Reached XP level 1. HP: 16/16 MP: 1/1
   225 | D:1      | Reached skill level 1 in Stealth
   338 | D:1      | Gained mutation: You have a pair of small horns on your
                  | head. [demonic ancestry]
   338 | D:1      | Reached XP level 2. HP: 4/22 MP: 2/2
  1174 | D:1      | Found a faded altar of an unknown god.
  1174 | D:1      | Noticed a hell beast
  1463 | D:2      | Gained mutation: You may rarely emit foul miasma when
                  | damaged in melee. [demonic ancestry]
  1463 | D:2      | Reached XP level 3. HP: 29/29 MP: 3/3
  1601 | D:2      | Gained mutation: You are robust. (+10% HP) [potion of
                  | mutation]
  1601 | D:2      | Gained mutation: You are somewhat resistant to further
                  | mutation. [potion of mutation]
  2219 | D:3      | Found a stormy altar of Qazlal.
  2245 | D:3      | Reached XP level 4. HP: 27/40 MP: 4/4
  2399 | D:3      | Found an iron altar of Okawaru.
  2412 | D:3      | Became a worshipper of Warmaster Okawaru
  2545 | D:3      | Reached skill level 1 in Shields
  2562 | D:3      | Noticed Jessica
  2566 | D:3      | Killed Jessica
  2870 | D:3      | Found a bloodstained altar of Trog.
  2874 | D:3      | Noticed a wizard
  2880 | D:3      | Killed a wizard
  3068 | D:4      | Reached XP level 5. HP: 12/46 MP: 5/5
  3265 | D:4      | Identified the +3 dagger of Midsummer {protect, rPois Str+2
                  | Int-5}
  3314 | D:4      | Reached skill level 5 in Short Blades
  3314 | D:4      | Gained mutation: Your movements are slightly less
                  | encumbered by armour. (ER -2) [demonic ancestry]
  3314 | D:4      | Reached XP level 6. HP: 58/58 MP: 6/6
  3428 | D:4      | Found a broken altar of Ashenzari.
  3432 | D:4      | Saw a vision of the Swamp and the Snake Pit.
  3432 | D:4      | Noticed a spriggan druid
  3432 | D:4      | Noticed a four-headed hydra
  3432 | D:4      | Noticed a tyrant leech
  3432 | D:4      | Noticed a tyrant leech
  3432 | D:4      | Noticed a naga
  3432 | D:4      | Noticed a black mamba
  3432 | D:4      | Noticed a naga
  3432 | D:4      | Noticed an anaconda
  3432 | D:4      | Noticed a naga mage
  3432 | D:4      | Noticed a shock serpent
  3432 | D:4      | Noticed a naga mage
  3432 | D:4      | Noticed a spriggan rider
  3433 | D:4      | Noticed a fenstrider witch
  3433 | D:4      | Noticed a five-headed hydra
  3468 | D:4      | Found a shadowy altar of Dithmenos.
  3469 | D:4      | Found an ornate altar of the Wu Jian Council.
  3789 | D:5      | Entered Level 5 of the Dungeon
  4144 | D:5      | Reached * piety under Okawaru
  4145 | D:5      | Reached XP level 7. HP: 64/64 MP: 7/7
  4831 | D:6      | Gained mutation: You have a pair of horns on your head.
                  | [demonic ancestry]
  4831 | D:6      | Reached XP level 8. HP: 35/71 MP: 8/8
  5013 | D:6      | Found a burning altar of Makhleb.
  5056 | D:6      | Noticed Prince Ribbit
  5058 | D:6      | Killed Prince Ribbit
  5058 | D:6      | Reached ** piety under Okawaru
  5059 | D:6      | Reached skill level 5 in Dodging
  5097 | D:6      | Reached skill level 1 in Transmutations
  5207 | D:6      | Found a staircase to the Ecumenical Temple.
  5228 | D:6      | Noticed Maggie
  5234 | D:6      | Killed Maggie
  5335 | D:6      | Reached *** piety under Okawaru
  5336 | D:6      | Gained mutation: You have a pair of large horns on your
                  | head. [demonic ancestry]
  5336 | D:6      | Reached XP level 9. HP: 77/77 MP: 9/9
  5658 | D:7      | Noticed a troll
  5659 | D:7      | Noticed a manticore
  5669 | D:6      | Learned a level 2 spell: Wereblood
  6249 | D:7      | Reached skill level 5 in Transmutations
  6413 | D:6      | Reached skill level 1 in Evocations
  6622 | D:7      | Reached **** piety under Okawaru
  6664 | D:7      | Killed a manticore
  6737 | D:7      | Killed a troll
  6738 | D:7      | Reached skill level 5 in Evocations
  6938 | D:7      | Got the Precepts of the Frosty Figure
  7189 | D:7      | Reached skill level 1 in Armour
  7189 | D:7      | Reached XP level 10. HP: 81/84 MP: 10/10
  7192 | D:7      | Noticed Joseph
  7214 | D:7      | Killed Joseph
  7415 | D:7      | Noticed a purple ugly thing
  7435 | D:7      | Found a transporter.
  7436 | D:7      | Found a transporter.
  7494 | D:7      | Found a one-way gate to the infinite horrors of the Abyss.
  7494 | D:7      | Noticed siradein's ghost (novice MiBe)
  7908 | D:8      | Found a hazy altar of Hepliaklqana.
  8536 | D:9      | Identified a scroll of acquirement
  8536 | D:9      | Acquired the +10 broad axe of Xeijyl {elec, Will+}
  8865 | D:9      | Reached skill level 1 in Axes
  8943 | D:9      | Noticed a death yak
  8943 | D:9      | Noticed a death yak
  8943 | D:9      | Noticed a death yak
  8989 | D:9      | Killed a death yak
  8989 | D:9      | Received a gift from Okawaru
  8990 | D:9      | Reached skill level 2 in Axes
  9062 | D:9      | Found a runed translucent gate.
  9062 | D:9      | Found a runed translucent gate.
  9063 | D:9      | Found a runed translucent gate.
  9103 | D:9      | Reached ***** piety under Okawaru
  9104 | D:9      | Reached skill level 3 in Axes
  9130 | D:9      | Received a gift from Okawaru
  9135 | D:9      | Reached skill level 4 in Axes
  9151 | D:9      | Noticed mathmaestro's ghost (novice DsNe)
  9164 | D:9      | Noticed a sun demon
  9166 | D:9      | Received a gift from Okawaru
  9174 | D:9      | Reached skill level 5 in Axes
  9175 | D:9      | Killed mathmaestro's ghost
  9176 | D:9      | Gained mutation: You sometimes gain a little power by
                  | taking damage. [demonic ancestry]
  9176 | D:9      | Reached XP level 11. HP: 43/90 MP: 11/11
  9338 | D:9      | Reached skill level 6 in Axes
  9413 | D:9      | Found a staircase to the Lair.
  9425 | D:9      | Killed a death yak
  9437 | D:9      | HP: 4/90 [death yak (25)]
  9624 | D:10     | Entered Level 10 of the Dungeon
  9666 | D:10     | Reached skill level 7 in Axes
 10115 | D:10     | Received a gift from Okawaru
 10318 | D:10     | Noticed Lodul
 10329 | D:10     | Killed Lodul
 10329 | D:10     | Identified the +1 robe of Undesirable Species {+Inv rElec
                  | rCorr Int-2} (Okawaru gifted it to you on level 10 of the
                  | Dungeon)
 10329 | D:10     | Received a gift from Okawaru
 10330 | D:10     | Reached skill level 8 in Axes
 10457 | D:11     | Reached skill level 9 in Axes
 10626 | D:11     | Found a gateway to a bazaar.
 10686 | D:11     | Noticed a boulder beetle
 10699 | D:11     | Killed a boulder beetle
 10702 | Bazaar   | Entered a bazaar
 10708 | Bazaar   | Found Tegeod's Jewellery Emporium.
 10708 | Bazaar   | Found Unoaxti's Book Shoppe.
 10715 | Bazaar   | Identified the amulet "Fofrum" {Faith -Tele Int+7}
 10724 | Bazaar   | Bought the amulet "Naepril" {Faith rPois rF- Str+4} for 578
                  | gold pieces
 10724 | Bazaar   | Bought a ring of willpower for 275 gold pieces
 10821 | D:11     | Reached skill level 10 in Axes
 10870 | D:11     | Found a bloodstained altar of Trog.
 10982 | D:11     | Gained mutation: Your presence sometimes corrodes those you
                  | injure. [demonic ancestry]
 10982 | D:11     | Reached XP level 12. HP: 64/97 MP: 12/12
 10986 | D:11     | Reached ****** piety under Okawaru
 11306 | D:11     | Received a gift from Okawaru
 11398 | D:11     | Noticed a two-headed ogre
 11405 | D:11     | Killed a two-headed ogre
 12192 | D:12     | Found Suf Jig's Weapon Shoppe.
 12195 | D:12     | Found a staircase to the Orcish Mines.
 12195 | D:12     | Found Ciussam's Armour Shoppe.
 12225 | D:12     | Bought 6 javelins for 62 gold pieces
 12238 | D:12     | Bought a +2 ring mail of willpower for 294 gold pieces
 12720 | D:13     | Noticed a centaur warrior
 12725 | D:13     | Noticed a boulder beetle
 12958 | D:13     | Killed a centaur warrior
 12958 | D:13     | Identified the +8 chain mail of Eqail {-Tele rElec Str+4
                  | Slay+2} (Okawaru gifted it to you on level 13 of the
                  | Dungeon)
 12958 | D:13     | Received a gift from Okawaru
 13020 | D:13     | Killed a boulder beetle
 13319 | D:13     | Found a blossoming altar of Fedhas.
 13321 | D:13     | Noticed Rupert
 13332 | D:13     | Killed Rupert
 13333 | D:13     | Reached skill level 10 in Dodging
 13550 | D:13     | Noticed an eight-headed hydra
 13559 | D:13     | Killed a 13-headed hydra
 13698 | D:14     | Found a broken altar of Ashenzari.
 13882 | D:14     | Noticed a centaur warrior
 13882 | D:14     | Noticed a vault guard
 13893 | D:14     | Noticed a vault guard
 14103 | D:14     | Killed a vault guard
 14104 | D:14     | Reached skill level 5 in Invocations
 14161 | D:14     | Noticed a tengu warrior
 14174 | D:14     | Killed a tengu warrior
 14175 | D:14     | Noticed a vault guard
 14189 | D:14     | Killed a vault guard
 14190 | D:14     | Gained mutation: Your movements are less encumbered by
                  | armour. (ER -4) [demonic ancestry]
 14190 | D:14     | Reached XP level 13. HP: 29/103 MP: 16/18
 14423 | D:14     | Received a gift from Okawaru
 14448 | D:14     | Received a gift from Okawaru
 14491 | D:14     | Found a gate to the Vaults.
 14523 | D:14     | Received a gift from Okawaru
 15436 | D:15     | Entered Level 15 of the Dungeon
 15527 | D:15     | Noticed Azrael
 15543 | D:15     | Killed Azrael
 15755 | D:15     | Received a gift from Okawaru
 15814 | D:15     | Reached skill level 10 in Evocations
 15925 | D:15     | Received a gift from Okawaru
 15985 | D:15     | Identified the ring of Heluqed {Ice Fly rElec Will+ Slay-6}
 16086 | D:15     | Noticed a green very ugly thing
 16098 | D:15     | Killed a brown very ugly thing
 16159 | D:15     | Noticed a green very ugly thing
 16169 | D:15     | Killed a green very ugly thing
 16189 | D:15     | Reached skill level 11 in Axes
 16191 | D:15     | Found a staircase to the Depths.
 16200 | D:15     | Noticed a quicksilver ooze
 16200 | D:15     | an alligator changed into a quicksilver ooze
 16201 | D:15     | Noticed a fire dragon
 16201 | D:15     | a quicksilver ooze changed into a fire dragon
 16201 | D:15     | a fire dragon changed into a boulder beetle
 16202 | D:15     | Noticed a spark wasp
 16202 | D:15     | a boulder beetle changed into a spark wasp
 16203 | D:15     | a spark wasp changed into something unseen
 16205 | D:15     | Noticed a ghost moth
 16205 | D:15     | a ghost moth changed into a death yak
 16335 | D:15     | Noticed Kirke
 16339 | D:15     | Noticed a sphinx
 16340 | D:15     | Identified the +1 pair of boots of Sialopn {+Blink}
                  | (Okawaru gifted it to you on level 15 of the Dungeon)
 16340 | D:15     | Received a gift from Okawaru
 16355 | D:15     | Killed Kirke
 16356 | D:15     | Reached XP level 14. HP: 88/111 MP: 20/20
 16380 | D:15     | Identified Roxanne's Volume of the Mountains
 16380 | D:15     | Noticed Roxanne
 16437 | D:15     | Killed Roxanne
 16474 | D:15     | Found Bowum's Antique Weapon Shop.
 16873 | D:9      | Reached skill level 12 in Axes
 16912 | Lair:1   | Entered Level 1 of the Lair of Beasts
 16912 | Lair:1   | Noticed Amaemon
 16922 | Lair:1   | Killed Amaemon
 17064 | Lair:1   | Noticed Sonja
 17074 | Lair:1   | Killed Sonja
 17212 | Lair:1   | Identified the +3 mace of the Wasp {flame, Fly Will+++}
 18212 | Lair:2   | Reached skill level 13 in Axes
 18675 | Lair:3   | Received a gift from Okawaru
 18682 | Lair:3   | Reached skill level 14 in Axes
 19068 | Lair:3   | Identified the +7 rapier of the Reasonable God {vorpal,
                  | *Noise rPois rF+ Will+}
 19122 | Lair:3   | Found a staircase to the Snake Pit.
 19273 | Lair:3   | Received a gift from Okawaru
 19529 | Lair:3   | Found a staircase to the Swamp.
 19751 | Lair:3   | Received a gift from Okawaru
 20196 | Lair:4   | Found a staircase to the Slime Pits.
 20394 | Lair:4   | You fall into a shaft and drop 1 floor!
 20394 | Lair:5   | Entered Level 5 of the Lair of Beasts
 20415 | Lair:5   | Reached XP level 15. HP: 105/116 MP: 21/21
 20990 | Lair:5   | Reached skill level 10 in Throwing
 21122 | Lair:5   | Reached skill level 5 in Armour
 21624 | Lair:5   | Identified the +3 buckler "Vamaz" {-Cast rN+ Regen+}
 21936 | Orc:1    | Entered Level 1 of the Orcish Mines
 21936 | Orc:1    | Noticed Erolcha
 21941 | Orc:1    | Killed Erolcha
 22065 | Orc:2    | Entered Level 2 of the Orcish Mines
 22123 | Orc:2    | Found a staircase to the Elven Halls.
 22463 | Orc:2    | Received a gift from Okawaru
 22486 | Orc:2    | Found Erphekec's Assorted Antiques.
 22486 | Orc:2    | Found Zeytazam's Antique Weapon Emporium.
 22487 | Orc:2    | Found Noelutwa's General Store.
 22498 | Orc:2    | Found Ewkod's Book Shoppe.
 22543 | Orc:2    | Bought a potion of heal wounds for 60 gold pieces
 22543 | Orc:2    | Bought a scroll of blinking for 90 gold pieces
 22545 | Orc:2    | Bought a potion of berserk rage for 80 gold pieces
 22820 | Elf:1    | Entered Level 1 of the Elven Halls
 22824 | Elf:1    | Noticed Asterion
 22833 | Elf:1    | Received a gift from Okawaru
 22987 | Elf:1    | Killed Asterion
 23418 | Elf:1    | Noticed Ekkez's ghost (adept HOMo)
 23419 | Elf:1    | Found a runed translucent door.
 23723 | Elf:1    | Found Epurerie's General Store.
 23776 | Elf:1    | Paralysed by an air elemental for 1 turns
 23785 | Elf:1    | Reached skill level 10 in Armour
 23787 | Elf:1    | Paralysed by an air elemental for 1 turns
 23790 | Elf:1    | Paralysed by an air elemental for 1 turns
 23832 | Elf:1    | Killed from afar by a deep elf knight

Illustrated notes

Levels and vault maps discovered:
D:1:      shiori_arrival_maze, layout_basic,
          dreamdust_ecumenical_altar_sealed_demon, minmay_pentomino_v2
D:2:      kennysheep_six_static_rooms, layout_basic,
          nicolae_concentric_dashed_squares_mild, minmay_misc_feat_diagonals,
          amethyst_killhole, st_stairs_13, minmay_strange_pillars, minivault_25,
          guppyfry_early_lair_pool
D:3:      layout_loops_corners, trog_wizard, mainiacjoe_overflow_24_doors,
          okawaru_gym_becter, mainiacjoe_overflow_paths, hex_medium,
          uniq_jessica
D:4:      layout_basic, grunt_ashenzari_visionary
          [grunt_ashenzari_visionary_swamp, grunt_ashenzari_visionary_snake],
          chequers_temple_overflow_statue_of_worship,
          minmay_fractal_squares_diagonal_5
D:5:      layout_loops_corners, dreamdust_gnoll_farm
D:6:      layout_basic, makhleb_grotto_becter, minmay_temple_entry_fiery,
          uniq_maggie, uniq_prince_ribbit1
D:7:      minmay_blocky_corners, layout_layer_cave,
          gammafunk_ghost_abyssal_escape, uniq_joseph
D:8:      layout_loops_ring, mainiacjoe_overflow_cross_hatched,
          mainiacjoe_overflow_concentric_impassable
D:9:      lemuel_slime, layout_loops_ring, dpeg_lair_monsters,
          gammafunk_ghost_nasty_kobolds
D:10:     layout_basic, uniq_lodul
D:11:     layout_small_grid, serial_shops, bzr_entry_dummy, serial_rivers,
          chequers_serial_rivers_micro_b, chequers_serial_rivers_micro_c,
          chequers_serial_rivers_micro_b, chequers_serial_rivers_micro_d,
          library_closet, trog_three_pillars_becter
D:12:     layout_basic, orc_david_3
D:13:     layout_grid_maze, fedhas_altar_2, uniq_rupert
D:14:     layout_layer_cave, lightli_vaults_fourway_checkpoint,
          ashenzari_altar_1
D:15:     gammafunk_enter_depths_forms, layout_stronghold,
          serial_bayou_lagoon_a, serial_shops, shop, uniq_azrael, uniq_roxanne,
          uniq_kirke
Lair:1:   layout_long_grid, st_stairs_5, uniq_sonja, uniq_amaemon
Lair:2:   layout_loops_ring
Lair:3:   slaughterhouse, layout_hall_layers, minmay_swamp_entry_eels,
          minmay_snake_entry_guardpost_small, serial_bayou, serial_bayou_pond_a,
          serial_bayou_pond_c, serial_bayou_pond_e, serial_bayou_lake_a,
          serial_bayou_shore_b
Lair:4:   layout_gridlike, slime_entry_1, serial_forest,
          infiniplex_forest_clump_diagonal, infiniplex_forest_straight_2,
          infiniplex_forest_lined_corner, infiniplex_forest_split,
          infiniplex_forest_straight_4, infiniplex_forest_join,
          infiniplex_forest_lined_4_way, infiniplex_forest_lined_3,
          infiniplex_forest_lined_2, infiniplex_forest_clump_small
Lair:5:   grunt_lair_end_beastmaster, layout_loops_ring, grunt_megastairs_1
Orc:1:    layout_caves, basic_altar, nicolae_shop_clearance, uniq_fannar,
          uniq_erolcha
Orc:2:    st_orc_mages, layout_caves
Elf:1:    eino_elf_arrival_shootout, layout_geoelf_octagon, serial_shops,
          nicolae_take_the_stairs, hellmonk_ghost_big_iron, orc_legates,
          hex_tiny, uniq_asterion

Skill      XL: |  1  2  3  4  5  6  7  8  9 10 11 12 13 14 15 |
---------------+----------------------------------------------+-----
Stealth        | 1 2 3 4 |  4.0
Fighting       | 3 4 6 7 |  7.6
Shields        | 2 4 |  4.9
Short Blades   | 5 |  5.1
Long Blades    | 4 |  4.2
Throwing       | 6 9 10 | 10.0
Dodging        | 4 5 10 | 10.0
Transmutations | 3 5 |  5.0
Evocations     | 5 10 | 10.0
Armour         | 1 4 10 | 10.0
Axes           | 5 10 11 14 | 14.0
Invocations    | 7 8 |  8.0

Action                   |  1- 3 |  4- 6 |  7- 9 | 10-12 | 13-15 || total
-------------------------+-------+-------+-------+-------+-------++-------
Melee: Rapier            |   130 |    43 |       |       |       ||   173
       Headbutt          |     7 |    19 |    66 |    93 |   184 ||   369
       Punch             |     1 |       |       |       |       ||     1
       Dagger            |       |    61 |   270 |   128 |       ||   459
       Broad axe         |       |       |       |   314 |   791 ||  1105
Throw: Throwing net      |     1 |     2 |     2 |     1 |       ||     6
       Dart              |       |     1 |       |    24 |    22 ||    47
       Javelin           |       |     1 |       |       |    12 ||    13
       Boomerang         |       |       |       |       |    59 ||    59
 Cast: Wereblood         |       |       |       |       |     1 ||     1
Invok: Heroism           |       |       |       |     1 |     1 ||     2
Evoke: Wand              |       |       |     1 |    11 |     3 ||    15
       Condenser vane    |       |       |       |       |     2 ||     2
       Tin of tremorston |       |       |       |       |     1 ||     1
  Use: Scroll            |     3 |     7 |     3 |    18 |     4 ||    35
       Potion            |     1 |     1 |     1 |     6 |     4 ||    13
 Stab: Sleeping          |     5 |     1 |     9 |     6 |       ||    21
       Held in net/web   |       |       |       |     1 |       ||     1
Armor: Leather armour    |    27 |    12 |     7 |       |       ||    46
       Acid dragon scale |       |       |    22 |    67 |       ||    89
       Chain mail        |       |       |       |    61 |   449 ||   510
       Ring mail         |       |       |       |    17 |       ||    17
       Scale mail        |       |       |       |     6 |       ||     6
Dodge: Dodged            |    77 |    48 |    94 |   274 |   460 ||   953
Block: Buckler           |     7 |    19 |    42 |   144 |   321 ||   533
       Kite shield       |       |       |       |       |    52 ||    52
       Reflection        |       |       |       |       |    10 ||    10

Table legend: (Time is in decaauts)
 A = Elapsed time spent in this place.
 B = Non-inter-level travel time spent in this place.
 C = Inter-level travel time spent in this place.
 D = Time resting spent in this place.
 E = Time spent auto-exploring this place.
 F = Levels seen in this place.
 G = Mean time per level.
                   A        B        C        D        E       F      G
               +--------+--------+--------+--------+--------+-----+--------+
         Total |  23848 |  22805 |   1043 |   4064 |  14384 |  24 |  993.7 |
       Dungeon |  16952 |  16241 |    711 |   3413 |   9772 |  15 | 1130.1 |
          Lair |   4998 |   4701 |    297 |    421 |   3507 |   5 |  999.6 |
  Orcish Mines |   1066 |   1032 |     34 |    228 |    553 |   2 |  533.0 |
   Elven Halls |    800 |    800 |      0 |      2 |    536 |   1 |  800.0 |
        Bazaar |     30 |     30 |      0 |      0 |     15 |   1 |   30.0 |
               +--------+--------+--------+--------+--------+-----+--------+

Top non-repeatable levels by time:
    D:14: 1687 daAuts
     D:7: 1502 daAuts
     D:6: 1499 daAuts
  Lair:3: 1414 daAuts
    D:13: 1407 daAuts
    D:15: 1318 daAuts
     D:1: 1283 daAuts
    D:11: 1153 daAuts
     D:9: 1063 daAuts
     D:3: 985 daAuts
     D:5: 982 daAuts
  Lair:5: 974 daAuts
   Orc:2: 938 daAuts
  Lair:2: 911 daAuts
  Lair:4: 891 daAuts
